 Dungeon Sprint DCSS version 0.28-a0-519-gbfeecf2fc5 (webtiles) character file.

Game seed: 8466877644595892068

490879 dolemite99 the End of an Era (level 19, 189/189 HPs)
             Began as a Demonspawn Fighter on Sept 24, 2021.
             Was the Champion of Qazlal.
             Escaped with the Orb!
             The game lasted 00:36:50 (6990 turns).

dolemite99 the End of an Era (Demonspawn Fighter)   Turns: 6990, Time: 00:36:50

Health: 189/189    AC: 42    Str: 26    XL:     19   Next: 28%
Magic:  36/36      EV:  3    Int: 10    God:    Qazlal [******]
Gold:   0          SH: 40    Dex: 14    Spells: 2/18 levels left

rFire   + + .      SeeInvis +   b - +3 sling "Punk" {acid, rCorr}
rCold   + + .      Faith    +   H - +18 shield of the Gong {rElec rN+ Will+ EV-5}
rNeg    + + +      Spirit   .   D - +12 gold dragon scales
rPois   +          Reflect  .   (helmet unavailable)
rElec   +          Harm     .   c - +2 cloak {rPois}
rCorr   +          Rampage  .   (gloves unavailable)
Will    ++...      NoTele   +   (boots unavailable)
Stlth   ..........              G - amulet of faith
HPRegen 0.41/turn               y - ring "Fapyon" {Wiz rF+ rN+ rCorr}
MPRegen 0.25/turn               u - ring "Cin Zius" {rC+ rN+ Str+3}

@: studying 8 skills, repel missiles
A: antennae 3, claws 3, talons 3, foul stench 3, powered by pain 2,
deterioration 1, inability to read while threatened
0: Orb of Zot
a: Renounce Religion, Upheaval, Elemental Force, Disaster Area


You escaped.
You worshipped Qazlal.
Qazlal was exalted by your worship.
You visited 1 branch

Inventory:

Hand Weapons
 a - a +9 vorpal broad axe
 b - the +3 sling "Punk" (weapon) {acid, rCorr}
   (You found it in the Dungeon)

   Any ammunition fired from it is coated in acid, damaging and corroding those
   it strikes.
   rCorr:     It protects you from acid and corrosion.
 I - the +10 lance "Wyrmbane" {slay drac, rPois rF+ rC+ AC+3}
   (You found it in the Dungeon)

   It inflicts extra damage against dragons and draconians.
   AC:        It affects your AC (+3).
   rF:        It protects you from fire.
   rC:        It protects you from cold.
   rPois:     It protects you from poison.
 P - the +6 morningstar of Wyomenon {freeze, Fly rN+}
   (You found it in the Dungeon)

   It freezes those it strikes, dealing additional cold damage.
   It can also slow down cold-blooded creatures.
   rN:        It protects you from negative energy.
   Fly:       It grants you flight.
Missiles
 L - 934 sling bullets (quivered ammo)
Armour
 c - a +2 cloak of poison resistance (worn)
 D - +12 gold dragon scales (worn)
 E - a +2 pair of gloves of archery
 H - the +18 shield of the Gong (worn) {rElec rN+ Will+ EV-5}
   (You found it in the Dungeon)

   It is deafeningly noisy when blocking attacks.
   EV:        It affects your evasion (-5).
   rElec:     It insulates you from electricity.
   rN:        It protects you from negative energy.
   Will:      It increases your willpower.
Jewellery
 u - the ring "Cin Zius" (right claw) {rC+ rN+ Str+3}
   (You found it in the Dungeon)

   [ring of positive energy]

   Str:       It affects your strength (+3).
   rC:        It protects you from cold.
   rN:        It protects you from negative energy.
 x - the amulet "Erreekk" {Reflect Harm rF+ rC- Str+6 SH+5}
   (You found it in the Dungeon)

   [amulet of reflection]

   It reflects blocked missile attacks.
   Str:       It affects your strength (+6).
   rF:        It protects you from fire.
   rC:        It makes you vulnerable to cold.
   SH:        It affects your SH (+5).
   Harm:      It increases damage dealt and taken.
 y - the ring "Fapyon" (left claw) {Wiz rF+ rN+ rCorr}
   (You found it in the Dungeon)

   [ring of wizardry]

   It improves your spell success rate.
   rF:        It protects you from fire.
   rN:        It protects you from negative energy.
   rCorr:     It protects you from acid and corrosion.
 z - the ring of the Five Quests {rC+ Will+}
   (You found it in the Dungeon)

   [ring of protection from cold]

   rC:        It protects you from cold.
   Will:      It increases your willpower.
 A - a +4 ring of protection
 F - the ring of Hanwocw {rElec rF+ rC- rN++ SInv}
   (You found it in the Dungeon)

   [ring of protection from fire]

   rF:        It protects you from fire.
   rC:        It makes you vulnerable to cold.
   rElec:     It insulates you from electricity.
   rN:        It greatly protects you from negative energy.
   SInv:      It lets you see invisible.
 G - an amulet of faith (around neck)
 J - the ring "Komuilyu" {rPois Int+4}
   (You found it in the Dungeon)

   [ring of poison resistance]

   Int:       It affects your intelligence (+4).
   rPois:     It protects you from poison.
 K - a +4 ring of evasion
 M - the ring of the Mage {Wiz Will++ Int+3}
   (You found it in the Dungeon)

   [ring of wizardry]

   It improves your spell success rate.
   Int:       It affects your intelligence (+3).
   Will:      It greatly increases your willpower.
 N - a ring of resist corrosion
 O - a +6 ring of intelligence
 Q - a ring of willpower
 R - a +4 ring of protection
 S - a ring of positive energy
 U - a ring of positive energy
 V - the ring "Ruwnack" {Fly rN+}
   (You took it off a vault guard in the Dungeon)

   [ring of flight]

   rN:        It protects you from negative energy.
   Fly:       It grants you flight.
 W - a ring of protection from fire
 X - a ring of magical power
 Z - a +6 ring of intelligence
Wands
 s - a wand of mindburst (7)
 t - a wand of iceblast (6)
Scrolls
 j - 4 scrolls of blinking
 o - 4 scrolls of amnesia
 p - 6 scrolls of fog
 q - 5 scrolls of identify {@r1}
 r - 2 scrolls of fear
 w - 4 scrolls of enchant armour
Potions
 d - 9 potions of might
 e - 9 potions of curing
 f - 12 potions of heal wounds
 g - 17 potions of haste
 h - 4 potions of magic
 i - 3 potions of berserk rage
 k - 2 potions of brilliance
 l - 2 potions of invisibility
 m - 3 potions of resistance
Miscellaneous
 n - a condenser vane
 v - a phial of floods
 B - a phantom mirror
 C - a lightning rod (4/4)
 T - a tin of tremorstones (2/2)
 Y - a box of beasts


   Skills:
 O Level 27 Fighting
 - Level 18.7 Axes
 - Level 15.3 Slings
 O Level 27 Armour
 - Level 16.4 Shields
 - Level 24.7 Necromancy
 - Level 18.1 Translocations
 + Level 23.5 Poison Magic
 O Level 27 Invocations
 O Level 27 Evocations


You had 2 spell levels left.
You knew the following spells:

 Your Spells              Type           Power      Damage    Failure   Level
a - Passage of Golubria   Tloc           N/A        N/A       1%          4
b - Blink                 Tloc           N/A        N/A       1%          2
c - Sublimation of Blood  Necr           24%        N/A       0%          2
d - Borgnjor's Vile Clut  Necr/Erth      12%        N/A       17%         5
e - Vampiric Draining     Necr           24%        2d9       1%          3

Your spell library contained the following spells:

 Spells                   Type           Power      Damage    Failure   Level
 Animate Skeleton         Necr           98%        N/A       0%          1
 Pain                     Necr           100%       1d9       0%          1
 Sting                    Tmut/Pois      92%        1d7       1%          1
 Beastly Appendage        Tmut           0%         N/A       65%         1
 Freeze                   Ice            0%         1d3       65%         1
 Magic Dart               Conj           0%         1d3       65%         1
 Sandblast                Erth           0%         2d4       65%         1
 Shock                    Conj/Air       0%         1d3       65%         1
 Summon Small Mammal      Summ           0%         N/A       65%         1
 Call Imp                 Summ           0%         N/A       80%         2
 Ensorcelled Hibernation  Hex/Ice        0%         N/A       80%         2
 Passwall                 Tmut/Erth      0%         N/A       80%         2
 Scorch                   Fire           0%         2d5       80%         2
 Searing Ray              Conj           0%         2d4       80%         2
 Slow                     Hex            0%         N/A       80%         2
 Static Discharge         Conj/Air       0%         N/A       80%         2
 Wereblood                Tmut           0%         N/A       80%         2
 Gell's Gravitas          Tloc           18%        N/A       1%          3
 Lesser Beckoning         Tloc           36%        N/A       1%          3
 Teleport Other           Tloc           36%        N/A       1%          3
 Animate Dead             Necr           24%        N/A       1%          4
 Dispel Undead            Necr           49%        3d18      1%          4
 Agony                    Necr           49%        N/A       1%          5
 Excruciating Wounds      Necr           24%        N/A       1%          5
 Manifold Assault         Tloc           36%        N/A       1%          5
 Death Channel            Necr           24%        N/A       1%          6
 Spider Form              Tmut/Pois      11%        N/A       2%          3
 Portal Projectile        Hex/Tloc       36%        N/A       8%          3
 Dispersal                Tloc           18%        N/A       9%          6
 Ignite Poison            Fire/Tmut/Pois 15%        N/A       12%         3
 Mephitic Cloud           Conj/Pois/Air  15%        N/A       12%         3
 Alistair's Intoxication  Tmut/Pois      15%        N/A       22%         5
 Infestation              Necr           24%        N/A       26%         8
 Summon Forest            Summ/Tloc      9%         N/A       52%         5
 Simulacrum               Ice/Necr       12%        N/A       65%         6
 Eringya's Noxious Bog    Tmut/Pois      11%        N/A       73%         6
 Call Canine Familiar     Summ           0%         N/A       95%         3
 Confusing Touch          Hex            0%         N/A       95%         3
 Dazzling Flash           Conj/Hex       0%         N/A       95%         3
 Frozen Ramparts          Ice            0%         1d2       95%         3
 Stone Arrow              Conj/Erth      0%         3d7       95%         3
 Summon Guardian Golem    Hex/Summ       0%         N/A       95%         3
 Swiftness                Air            0%         N/A       95%         3
 Disjunction              Tloc           18%        N/A       97%         8
 Haunt                    Necr/Summ      12%        N/A       99%         7
 Airstrike                Air            0%         N/A       100%        4
 Animate Armour           Summ/Erth      0%         N/A       100%        4
 Cause Fear               Hex            0%         N/A       100%        4
 Flame Wave               Conj/Fire      0%         3d3       100%        4
 Fulminant Prism          Conj/Hex       0%         3d6       100%        4
 Hailstorm                Conj/Ice       0%         3d3       100%        4
 Ice Form                 Ice/Tmut       0%         N/A       100%        4
 Leda's Liquefaction      Hex/Erth       0%         N/A       100%        4
 Petrify                  Tmut/Erth      0%         N/A       100%        4
 Sticky Flame             Conj/Fire      0%         2d3       100%        4
 Summon Lightning Spire   Summ/Air       0%         N/A       100%        4
 Blade Hands              Tmut           0%         N/A       100%        5
 Fireball                 Conj/Fire      0%         3d3       100%        5
 Freezing Cloud           Conj/Ice/Air   0%         6-21      100%        5
 Irradiate                Conj/Tmut      0%         3d13      100%        5
 Iskenderun's Battlesphe  Conj           0%         2d6       100%        5
 Lee's Rapid Deconstruct  Erth           0%         3d5*      100%        5
 Lightning Bolt           Conj/Air       0%         1d11      100%        5
 Metabolic Englaciation   Hex/Ice        0%         N/A       100%        5
 Silence                  Hex/Air        0%         N/A       100%        5
 Yara's Violent Unravell  Hex/Tmut       0%         3d3       100%        5
 Invisibility             Hex            0%         N/A       100%        6
 Iron Shot                Conj/Erth      0%         9d1       100%        6
 Starburst                Conj/Fire      0%         6d3       100%        6
 Statue Form              Tmut/Erth      0%         N/A       100%        6
 Summon Cactus Giant      Summ           0%         N/A       100%        6
 Dragon Form              Tmut           0%         N/A       100%        7
 Malign Gateway           Summ/Tloc      9%         N/A       100%        7
 Monstrous Menagerie      Summ           0%         N/A       100%        7
 Ozocubu's Refrigeration  Ice            0%         4d5       100%        7
 Spellforged Servitor     Conj/Summ      0%         N/A       100%        7
 Storm Form               Tmut/Air       0%         N/A       100%        7
 Ignition                 Fire           0%         3d3       100%        8
 Lehudib's Crystal Spear  Conj/Erth      0%         10d2      100%        8
 Maxwell's Capacitive Co  Air            0%         ∞         100%        8
 Chain Lightning          Conj/Air       0%         N/A       100%        9
 Fire Storm               Conj/Fire      0%         5d1       100%        9
 Polar Vortex             Ice            0%         N/A       100%        9
 Shatter                  Erth           0%         3d5*      100%        9


Dungeon Overview and Level Annotations

Branches:
Dungeon (1/1)

Altars:
Ashenzari
Cheibriados
Dithmenos
Elyvilon
Fedhas
Gozag
Hepliaklqana
Kikubaaqudgha
Makhleb
Nemelex Xobeh
Okawaru
Qazlal
Ru
Sif Muna
Trog
Uskayaw
Vehumet
Wu Jian
Xom
Yredelemnul
Zin
The Shining One
Beogh
Jiyva
Lugonu


Innate Abilities, Weirdness & Mutations

You have a pair of large antennae on your head. (SInv)
You have claws for hands.
You have claws for feet.
You frequently emit foul miasma when damaged in melee.
You sometimes gain power by taking damage.
Your body sometimes deteriorates upon taking damage.
You sometimes lose the ability to read scrolls when taking damage.


Message History

[Y]es or [N]o only, please.
Could not pick up an item here; shall I ignore it?
Found a staff of cold, a staff of earth and a condenser vane.
L - 934 sling bullets (gained 3)
Found three items.
Things that are here:
a shapeshifter corpse; a glowing shapeshifter corpse
Things that are here:
a +2 falchion of electrocution; a +4 dagger of venom Your pack is full.
You see here a ring of wizardry.
Your pack is full.
You see here a ring of wizardry.
Could not pick up an item here; shall I ignore it? [Y]es or [N]o only, please.
Could not pick up an item here; shall I ignore it? [Y]es or [N]o only, please.
Could not pick up an item here; shall I ignore it? [Y]es or [N]o only, please.
Could not pick up an item here; shall I ignore it? [Y]es or [N]o only, please.
Could not pick up an item here; shall I ignore it? [Y]es or [N]o only, please.
Could not pick up an item here; shall I ignore it? [Y]es or [N]o only, please.
Could not pick up an item here; shall I ignore it?
Okay, then.
You see here a +2 robe of fire resistance.
There is a transporter here.
An exit appears before you!
You enter the transporter and appear at another place.
Found the Orb of Zot.
Found a staircase leading out of the dungeon.
You see here the Orb of Zot.
You pick up the Orb of Zot!
The Orb lets out a hideous shriek!
The lords of Pandemonium are not amused.
Beware!
Now all you have to do is get back out of the dungeon!
Unknown command.
There is a staircase leading out of the dungeon here.
You have escaped!

............▓.....).......▓...8©8
..[...[..)..▓.............▓..|}))
............▓.....).......▓...|}|
.........[..▓.............▓......
............▓......©......▓......
...........=▓▓▓▓▓▓▓▓▓▓▓▓▓▓▓...†..
...........=▓8888888888888▓......
...........=▓8....§......8▓..▓..†
...........=▓8..@.§...©..8▓.....†
...........=▓8.§.☼.......8▓....©.
....©.....==▓8888888888888▓▓▓▓▓▓▓
▓▓▓▓▓▓▓▓▓▓▓▓▓▓▓▓▓▓▓▓▓▓▓▓▓▓▓▓▓▓▓▓▓
.....8©8........▓........8©8.....
).:[..:)|)[..)=.▓.)).===|.:.|}:==
.))}))....).)|).▓.|)}=))}}.))[=|)
.|":.:[:}}[})|}.▓..|:}:}:|[.|)=:)
......).........▓........).:}..÷.


There were no monsters in sight!

Vanquished Creatures
  3 ancient liches (D)
  4 shard shrikes (shapeshifter) (D)
  A caustic shrike (shapeshifter) (D)
  A golden dragon (shapeshifter) (D)
  5 golden dragons (D)
  4 pearl dragons (D)
  3 Tzitzimimeh (D)
  3 bone dragons (D)
  4 doom hounds (D)
  7 electric golems (D)
  2 tainted leviathans (D)
  2 Orb Guardians (D)
  3 liches (D)
  7 titans (D)
  A titan (shapeshifter) (D)
  11 quicksilver dragons (D)
  3 acid blobs (D)
  A death cob (D)
  4 ancient champions (D)
  6 shadow dragons (D)
  6 storm dragons (D)
  4 azure jellies (D)
  3 shadow dragons (shapeshifter) (D)
  3 rockslimes (shapeshifter) (D)
  A daeva (D)
  3 rockslimes (D)
  3 ghouls (D)
  9 iron dragons (D)
  An iron dragon (shapeshifter) (D)
  A quicksilver ooze (shapeshifter) (D)
  An angel (D)
  2 draconian annihilators (D)
  16 stone giants (D)
  5 spriggan defenders (D)
  3 war gargoyles (D)
  4 green draconians (D)
  An apis (D)
  7 white draconians (D)
  2 putrid mouths (D)
  2 red draconians (D)
  6 yellow draconians (D)
  4 black draconians (D)
  6 purple draconians (D)
  2 crystal guardians (D)
  3 iron golems (D)
  3 fire dragons (D)
  An ettin (shapeshifter) (D)
  19 vault guards (D)
  2 great orbs of eyes (D)
  A naga warrior (D)
  A catoblepas (D)
  5 ice dragons (D)
  2 hydras (D)
  A boulder beetle (D)
  A hydra (shapeshifter) (D)
  An ice dragon (shapeshifter) (D)
  11 spriggan air magi (D)
  A two-headed ogre (shapeshifter) (D)
  An anaconda (D)
  2 anacondas (shapeshifter) (D)
  2 death yaks (D)
  11 spriggan berserkers (D)
  10 soul eaters (D)
  A shock serpent (shapeshifter) (D)
  A crystal echidna (D)
  2 cherubim (D)
  A deep troll (shapeshifter) (D)
  A glowing orange brain (D)
  A goliath frog (shapeshifter) (D)
  2 sea snakes (shapeshifter) (D)
  8 swamp dragons (D)
  3 death drakes (D)
  A swamp dragon (shapeshifter) (D)
  An orb spider (shapeshifter) (D)
  A deep elf archer (D)
  A deep elf zephyrmancer (D)
  3 deep elf pyromancers (D)
  3 ugly things (D)
  A mana viper (shapeshifter) (D)
  An orb spider (D)
  2 wolf spiders (D)
  A harpy (shapeshifter) (D)
  An oklob plant (D)
  3 shining eyes (shapeshifter) (D)
  3 moths of wrath (D)
  2 manticores (shapeshifter) (D)
  4 draconians (D)
  2 moths of wrath (shapeshifter) (D)
  A salamander (shapeshifter) (D)
  A black mamba (D)
  A faun (shapeshifter) (D)
  2 guardian serpents (D)
  An elephant (D)
  A naga mage (D)
  4 black mambas (shapeshifter) (D)
  3 eyes of devastation (D)
  A water nymph (shapeshifter) (D)
  6 gargoyles (D)
  A cane toad (shapeshifter) (D)
  A freezing wraith (D)
  7 rime drakes (D)
  A komodo dragon (D)
  3 yaktaurs (D)
  A rime drake (shapeshifter) (D)
  5 cane toads (D)
  A hellion (D)
  A komodo dragon (shapeshifter) (D)
  2 unseen horrors (shapeshifter) (D)
  2 jumping spiders (shapeshifter) (D)
  2 meliai (shapeshifter) (D)
  5 polar bears (D)
  2 trolls (shapeshifter) (D)
  A jumping spider (D)
  2 merfolk (shapeshifter) (D)
  A demonic crawler (D)
  4 hornets (D)
  A slime creature (shapeshifter) (D)
  8 wind drakes (D)
  A hornet (shapeshifter) (D)
  2 polar bears (shapeshifter) (D)
  A raiju (shapeshifter) (D)
  2 wind drakes (shapeshifter) (D)
  3 dream sheep (shapeshifter) (D)
  3 blink frogs (D)
  11 slime creatures (D)
  2 snapping turtles (shapeshifter) (D)
  2 spriggans (D)
  A redback (D)
  A redback (shapeshifter) (D)
  7 air elementals (D)
  6 wyverns (D)
  2 basilisks (shapeshifter) (D)
  3 tarantellas (D)
  3 tarantellas (shapeshifter) (D)
  A wyvern (shapeshifter) (D)
  A yak (shapeshifter) (D)
  A human (shapeshifter) (D)
  4 steam dragons (D)
  A golden eye (D)
  A basilisk (D)
  A naga (D)
  6 acid dragons (D)
  2 swamp worms (shapeshifter) (D)
  6 water moccasins (D)
  2 floating eyes (shapeshifter) (D)
  7 orc warriors (D)
  4 swamp drakes (D)
  3 ice beasts (D)
  3 black bears (D)
  A black bear (shapeshifter) (D)
  A wolf (D)
  A wolf (shapeshifter) (D)
  A bullfrog (shapeshifter) (D)
  A scorpion (D)
  6 earth elementals (D)
  A howler monkey (shapeshifter) (D)
  5 jellies (D)
  An orc priest (D)
  6 orc wizards (D)
  3 iguanas (D)
  2 adders (D)
  A river rat (D)
  A river rat (shapeshifter) (D)
  3 adder zombies (D)
  3 orcs (D)
  5 ball pythons (D)
  3 bat skeletons (D)
  3 bat zombies (D)
  3 endoplasms (D)
  A ball python skeleton (D)
  2 ball python zombies (D)
  3 giant cockroach zombies (D)
  A quokka zombie (D)
521 creatures vanquished.

Vanquished Creatures (collateral kills)
  A draconian (D)
  A jelly (D)
2 creatures vanquished.

Grand Total: 523 creatures vanquished

Notes
Turn   | Place    | Note
-------+----------+-------------------------------------------
     0 | D        | dolemite99 the Demonspawn Fighter began the quest for the
                  | Orb.
     0 | D        | Reached XP level 1. HP: 18/18 MP: 1/1
     0 | D        | Found a shimmering blue altar of Sif Muna.
     0 | D        | Found a sacrificial altar of Ru.
     0 | D        | Found a bloodstained altar of Trog.
     0 | D        | Found a stormy altar of Qazlal.
     0 | D        | Found an iron altar of Okawaru.
     0 | D        | Found a sparkling altar of Nemelex Xobeh.
     0 | D        | Found a blossoming altar of Fedhas.
     0 | D        | Found the +6 Majin-Bo {vamp, MP+6 Int+6}
     0 | D        | Found the +9 heavy crossbow "Sniper" {vorpal, Acc+∞ SInv}
     0 | D        | Found the +10 dark maul {vorpal}
     0 | D        | Found the +15 Maxwell's patent armour {-Cast -Tele rElec
                  | Will+ rCorr}
     0 | D        | Found the +18 shield of the Gong {rElec rN+ Will+ EV-5}
     0 | D        | Found the +14 obsidian axe {vorpal, Mesm Drain Fly SInv}
     0 | D        | Found the +7 great mace "Firestarter" {inner flame, rF++}
     0 | D        | Found the +6 shillelagh "Devastator" {shatter}
     0 | D        | Found the +11 plutonium sword {Contam Stlth-}
     0 | D        | Found the +8 lance "Wyrmbane" {slay drac, rPois rF+ rC+
                  | AC+3}
     0 | D        | Found the +9 sword of Zonguldrok {reap}
     0 | D        | Found the +13 scythe of Curses {drain, Drain}
     0 | D        | Found the +5 sword of Power {vorpal}
     0 | D        | Found the +7 mace of Variability {chain chaos}
     0 | D        | Found the +7 Singing Sword {vorpal, sonic wave}
     0 | D        | Found the +8 storm bow {elec, penet}
     2 | D        | Found a transporter.
     2 | D        | Found an ancient bone altar of Kikubaaqudgha.
     2 | D        | Found a viscous altar of Jiyva.
     2 | D        | Found a corrupted altar of Lugonu.
     2 | D        | Found a hazy altar of Hepliaklqana.
     2 | D        | Found a burning altar of Makhleb.
     2 | D        | Found an opulent altar of Gozag.
    40 | D        | Became a worshipper of Qazlal Stormbringer
    56 | D        | Reached skill level 5 in Evocations
    56 | D        | Gained mutation: You have sharp fingernails. [demonic
                  | ancestry]
    56 | D        | Reached XP level 2. HP: 24/24 MP: 1/6
   210 | D        | Entered arena 2.
   210 | D        | Found a transporter.
   219 | D        | Reached XP level 3. HP: 15/29 MP: 7/7
   380 | D        | Entered arena 3.
   380 | D        | Found the +2 Maxwell's thermic engine {flame, freeze}
   380 | D        | Noticed a jumping spider
   380 | D        | Noticed a tarantella
   380 | D        | Noticed a scorpion
   380 | D        | Found a transporter.
   382 | D        | Killed a scorpion
   382 | D        | Reached * piety under Qazlal
   383 | D        | Gained mutation: You may rarely emit foul miasma when
                  | damaged in melee. [demonic ancestry]
   383 | D        | Reached XP level 4. HP: 25/37 MP: 7/9
   383 | D        | Killed a tarantella
   384 | D        | Reached skill level 5 in Fighting
   384 | D        | Reached skill level 5 in Armour
   384 | D        | Gained mutation: You have a pair of small antennae on your
                  | head. [demonic ancestry]
   384 | D        | Reached XP level 5. HP: 20/45 MP: 7/11
   390 | D        | Killed a jumping spider
   391 | D        | Reached skill level 10 in Invocations
   391 | D        | Gained mutation: You have a pair of antennae on your head.
                  | [demonic ancestry]
   391 | D        | Reached XP level 6. HP: 31/53 MP: 7/13
   621 | D        | Entered arena 4.
   621 | D        | Found a transporter.
   622 | D        | Reached ** piety under Qazlal
   625 | D        | Gained mutation: You have sharp toenails. [demonic
                  | ancestry]
   625 | D        | Reached XP level 7. HP: 60/60 MP: 13/15
   629 | D        | Got the +6 morningstar of Wyomenon {freeze, Fly rN+}
   639 | D        | Entered arena 5.
   639 | D        | Noticed a purple ugly thing
   639 | D        | Noticed a white ugly thing
   639 | D        | Noticed a purple ugly thing
   639 | D        | Noticed a hornet
   639 | D        | Found a transporter.
   641 | D        | Killed a hornet
   642 | D        | Killed a purple ugly thing
   642 | D        | Reached *** piety under Qazlal
   643 | D        | Reached skill level 10 in Evocations
   643 | D        | Gained mutation: You have razor-sharp toenails. [demonic
                  | ancestry]
   643 | D        | Reached XP level 8. HP: 69/69 MP: 3/17
   644 | D        | Killed a white ugly thing
   645 | D        | Killed a white ugly thing
   718 | D        | Entered arena 6.
   718 | D        | Found a transporter.
   722 | D        | Reached XP level 9. HP: 68/78 MP: 19/19
   722 | D        | Reached **** piety under Qazlal
   723 | D        | Reached skill level 5 in Shields
   768 | D        | Entered arena 7.
   768 | D        | Noticed a draconian
   768 | D        | Noticed a draconian
   768 | D        | Noticed a draconian
   768 | D        | Noticed a draconian
   768 | D        | Noticed a draconian
   768 | D        | Noticed a green draconian
   773 | D        | Killed a draconian
   774 | D        | Killed a draconian
   778 | D        | Killed a draconian
   781 | D        | Killed a green draconian
   782 | D        | Gained mutation: You sometimes emit foul miasma when
                  | damaged in melee. [demonic ancestry]
   782 | D        | Reached XP level 10. HP: 72/85 MP: 3/20
   782 | D        | Killed a draconian
   782 | D        | Killed a draconian
   783 | D        | Found a transporter.
   950 | D        | Entered arena 8.
   951 | D        | Reached ***** piety under Qazlal
   958 | D        | Found a transporter.
  1155 | D        | Learned a level 4 spell: Passage of Golubria
  1157 | D        | Entered arena 9.
  1157 | D        | Noticed a deep elf zephyrmancer
  1157 | D        | Noticed a deep elf pyromancer
  1157 | D        | Noticed a deep elf pyromancer
  1157 | D        | Noticed a deep elf archer
  1157 | D        | Noticed a deep elf pyromancer
  1159 | D        | Killed a deep elf archer
  1160 | D        | Killed a deep elf zephyrmancer
  1160 | D        | Killed a deep elf pyromancer
  1160 | D        | Killed a deep elf pyromancer
  1162 | D        | Killed a deep elf pyromancer
  1163 | D        | Reached skill level 10 in Axes
  1163 | D        | Gained mutation: You frequently emit foul miasma when
                  | damaged in melee. [demonic ancestry]
  1163 | D        | Reached XP level 11. HP: 43/90 MP: 6/21
  1166 | D        | Found a transporter.
  1350 | D        | Entered arena 10.
  1351 | D        | Found a transporter.
  1352 | D        | Reached ****** piety under Qazlal
  1447 | D        | Entered arena 11.
  1448 | D        | Found a transporter.
  1695 | D        | Entered arena 12.
  1695 | D        | Found the +3 sling "Punk" {acid, rCorr}
  1695 | D        | Noticed an ancient champion
  1695 | D        | Noticed an ancient champion
  1695 | D        | Noticed an ancient champion
  1695 | D        | Noticed a war gargoyle
  1695 | D        | Noticed a crystal echidna
  1695 | D        | Noticed a war gargoyle
  1696 | D        | Noticed an ancient champion
  1696 | D        | Noticed a war gargoyle
  1696 | D        | Noticed an iron dragon
  1698 | D        | Killed a crystal echidna
  1698 | D        | Killed an ancient champion
  1698 | D        | Killed an ancient champion
  1699 | D        | Reached skill level 15 in Axes
  1699 | D        | Killed an ancient champion
  1700 | D        | Killed an ancient champion
  1703 | D        | Killed a war gargoyle
  1704 | D        | Gained mutation: You sometimes gain a little power by
                  | taking damage. [demonic ancestry]
  1704 | D        | Reached XP level 12. HP: 55/97 MP: 8/22
  1704 | D        | Killed a war gargoyle
  1706 | D        | Killed a war gargoyle
  1708 | D        | Killed an iron dragon
  1821 | D        | Found a transporter.
  1827 | D        | Got the +1 pair of boots "Ulafoh" {Will- MP+9 Str+3}
  1890 | D        | Entered arena 13.
  1892 | D        | Found the ring of the Mage {Wiz Will++ Int+3}
  1897 | D        | Reached skill level 10 in Fighting
  1904 | D        | Reached skill level 10 in Armour
  1908 | D        | Found a transporter.
  2041 | D        | Entered arena 14.
  2041 | D        | Noticed a storm dragon
  2042 | D        | Noticed a storm dragon
  2042 | D        | Paralysed by an air elemental for 1 turns
  2043 | D        | Noticed a titan
  2043 | D        | Noticed a storm dragon
  2046 | D        | Reached skill level 15 in Invocations
  2046 | D        | Killed a storm dragon
  2046 | D        | Killed a storm dragon
  2050 | D        | Killed a storm dragon
  2051 | D        | Killed a titan
  2053 | D        | Found a transporter.
  2288 | D        | Entered arena 15.
  2290 | D        | Noticed a naga warrior
  2290 | D        | Found the ring of Shadows {Umbra +Inv Stlth+}
  2295 | D        | Reached XP level 13. HP: 106/113 MP: 25/25
  2312 | D        | Found a transporter.
  2474 | D        | Entered arena 16.
  2474 | D        | Noticed a pearl dragon
  2474 | D        | Noticed a pearl dragon
  2475 | D        | Noticed a pearl dragon
  2475 | D        | Noticed a daeva
  2475 | D        | Noticed a pearl dragon
  2477 | D        | Noticed an angel
  2480 | D        | Killed a pearl dragon
  2480 | D        | Killed a pearl dragon
  2480 | D        | Killed a pearl dragon
  2480 | D        | Killed a daeva
  2480 | D        | Killed an angel
  2486 | D        | Killed a pearl dragon
  2488 | D        | Found the +0 staff of Battle
  2489 | D        | Found a transporter.
  2492 | D        | HP: 2/114 [apis (30)]
  2878 | D        | Entered arena 17.
  2879 | D        | Noticed an azure jelly
  2881 | D        | Noticed a rockslime
  2883 | D        | Noticed an acid blob
  2889 | D        | Killed an acid blob
  2889 | D        | Killed an azure jelly
  2890 | D        | Reached skill level 15 in Fighting
  2895 | D        | Killed a rockslime
  3189 | D        | Found a transporter.
  3312 | D        | Entered arena 18.
  3314 | D        | Noticed an Orb Guardian
  3314 | D        | Identified the +10 glaive of Stickiness {speed, Dex+5}
  3315 | D        | Noticed a white draconian annihilator
  3315 | D        | Identified the +4 dagger "Edoi" {speed, rPois}
  3316 | D        | Killed an Orb Guardian
  3317 | D        | Reached skill level 15 in Armour
  3317 | D        | Reached XP level 14. HP: 112/126 MP: 21/29
  3335 | D        | Reached skill level 15 in Shields
  3335 | D        | Found a transporter.
  3524 | D        | Got the Incunabulum of Transformation
  3526 | D        | Got The Grimoire of Greatest Risks and Utility
  3593 | D        | Entered arena 19.
  3595 | D        | Noticed an Orb Guardian
  3595 | D        | Noticed a golden dragon
  3596 | D        | Noticed a death cob
  3596 | D        | Noticed a golden dragon
  3598 | D        | Reached skill level 15 in Evocations
  3598 | D        | Killed a golden dragon
  3598 | D        | Killed a death cob
  3598 | D        | Identified the +6 flail "Vouzich" {venom, rPois Dex+3}
  3599 | D        | Killed an Orb Guardian
  3601 | D        | Killed a golden dragon
  3612 | D        | Reached skill level 5 in Slings
  3613 | D        | Gained mutation: You have a pair of large antennae on your
                  | head. (SInv) [demonic ancestry]
  3613 | D        | Reached XP level 15. HP: 111/137 MP: 6/30
  3629 | D        | Found a transporter.
  3697 | D        | Got the Reference Book on Twisted Moulding
  3738 | D        | Entered arena 20.
  3747 | D        | Reached skill level 10 in Slings
  3889 | D        | Found a transporter.
  3911 | D        | Got the Tome of Twisted Earth
  3923 | D        | Got the amulet "Erreekk" {Reflect Harm rF+ rC- Str+6 SH+5}
  4026 | D        | Got the ring "Fapyon" {Wiz rF+ rN+ rCorr}
  4034 | D        | Entered arena 21.
  4037 | D        | Noticed a juggernaut
  4037 | D        | Identified the ring "Komuilyu" {rPois Int+4}
  4038 | D        | a juggernaut changed into a rockslime
  4039 | D        | Noticed a juggernaut
  4042 | D        | a juggernaut changed into an iron dragon
  4043 | D        | Reached skill level 15 in Slings
  4049 | D        | Noticed a caustic shrike
  4049 | D        | an iron dragon changed into a caustic shrike
  4051 | D        | Killed a caustic shrike
  4170 | D        | Found a transporter.
  4194 | D        | Got the ring of the Five Quests {rC+ Will+}
  4233 | D        | Entered arena 22.
  4235 | D        | Paralysed by an air elemental for 1 turns
  4236 | D        | Noticed an electric golem
  4236 | D        | Noticed an electric golem
  4237 | D        | Noticed an electric golem
  4238 | D        | Killed an electric golem
  4238 | D        | Noticed an electric golem
  4238 | D        | Noticed an electric golem
  4239 | D        | Killed an electric golem
  4239 | D        | Noticed an electric golem
  4242 | D        | Killed an electric golem
  4242 | D        | Killed an electric golem
  4245 | D        | Noticed an electric golem
  4246 | D        | Killed an electric golem
  4246 | D        | Killed an electric golem
  4246 | D        | Killed an electric golem
  4247 | D        | Reached skill level 27 in Invocations
  4247 | D        | Gained mutation: You sometimes gain power by taking damage.
                  | [demonic ancestry]
  4247 | D        | Reached XP level 16. HP: 90/159 MP: 10/33
  4673 | D        | Found the +2 hood of the Assassin {Detection Stab+ Stlth++}
  4675 | D        | Found a transporter.
  4715 | D        | Got the Disquisition on Hexes and Moulding
  4717 | D        | Got the ring "Cin Zius" {rC+ rN+ Str+3}
  4746 | D        | Got Tibb's Tome of Creative Moulding
  4753 | D        | Learned a level 2 spell: Blink
  4795 | D        | Entered arena 23.
  4803 | D        | Reached skill level 27 in Fighting
  5070 | D        | Found the +2 robe of Vines {NoPotionHeal Regen+++}
  5074 | D        | Found a transporter.
  5126 | D        | Got the ring of Hanwocw {rElec rF+ rC- rN++ SInv}
  5159 | D        | Entered arena 24.
  5164 | D        | Identified the +6 plate armour of Submission {MP+9}
  5164 | D        | Identified the +7 long sword of Guilt {vorpal, *Rage
                  | *Corrode Str+3 Int+4}
  5166 | D        | Gained mutation: You have claws for feet. [demonic
                  | ancestry]
  5166 | D        | Reached XP level 17. HP: 174/174 MP: 26/34
  5183 | D        | Identified the +3 chain mail of the Unbroken {Harm}
  5192 | D        | Noticed an ancient lich
  5193 | D        | Killed an ancient lich
  5194 | D        | Identified the +7 glaive of Painted Gallantry {flame,
                  | +Blink rPois Will+ Dex+5}
  5194 | D        | Identified the ring "Ruwnack" {Fly rN+}
  5195 | D        | Noticed an ancient lich
  5198 | D        | Killed an ancient lich
  5220 | D        | Noticed an ancient lich
  5227 | D        | Killed an ancient lich
  5354 | D        | Found a transporter.
  5378 | D        | Got the Catalogue of the Puffball
  5398 | D        | Entered arena 25.
  5445 | D        | Reached skill level 27 in Evocations
  5455 | D        | Reached skill level 27 in Armour
  5473 | D        | Reached skill level 5 in Translocations
  5868 | D        | Found a transporter.
  5897 | D        | Acquired a manual of Shields
  5903 | D        | Got the Incunabulum of Displaced Enchantment
  5988 | D        | Entered arena 26.
  5998 | D        | Gained mutation: You have very sharp fingernails. [demonic
                  | ancestry]
  5998 | D        | Reached XP level 18. HP: 168/182 MP: 27/35
  6000 | D        | Identified the ring "Parill" {rElec rC- rCorr EV+4 Int+3}
  6006 | D        | Reached skill level 15 in Translocations
  6007 | D        | Identified the +6 lajatang of Luxury {drain, *Noise rN+
                  | Dex+5}
  6064 | D        | Learned a level 2 spell: Sublimation of Blood
  6415 | D        | Found a transporter.
  6519 | D        | Entered arena 27.
  6694 | D        | Found a transporter.
  6705 | D        | Got Sif Muna's Handbook of Companions and Dislocation
  6707 | D        | Got Wapnodd's Disquisition on Ghastly Shape Shifting
  6710 | D        | Got the Incunabulum of a Hundred Wars
  6766 | D        | Learned a level 5 spell: Borgnjor's Vile Clutch
  6770 | D        | Learned a level 3 spell: Vampiric Draining
  6772 | D        | Acquired a manual of Earth Magic
  6775 | D        | Got Xuamiud's Catalogue of Fetching Dislocation
  6805 | D        | Entered arena 28.
  6812 | D        | Noticed a shard shrike
  6814 | D        | Noticed a shard shrike
  6815 | D        | Killed a shard shrike
  6815 | D        | Killed a shard shrike
  6816 | D        | Noticed a shard shrike
  6817 | D        | Identified the amulet "Jeugapao" {Rampage rC+ Regen+ Int+4}
  6818 | D        | Killed a shard shrike
  6819 | D        | Gained mutation: You have claws for hands. [demonic
                  | ancestry]
  6819 | D        | Reached XP level 19. HP: 186/189 MP: 15/36
  6906 | D        | Gained mutation: You sometimes lose the ability to read
                  | scrolls when taking damage. [a shining eye]
  6908 | D        | Gained mutation: Your body sometimes deteriorates upon
                  | taking damage. [a shining eye]
  6969 | D        | Found a transporter.
  6985 | D        | Got the Orb of Zot
  6990 | D        | Escaped with the Orb!

Illustrated notes

Levels and vault maps discovered:
D:        sprint_v [room_start, room_1, room_2, room_3, room_4, room_5, room_6,
          room_7, room_8, room_9, room_10, room_11, room_12, room_13, room_14,
          room_15, room_16, room_17, room_18, room_19, room_20, room_21,
          room_22, room_23, room_24, room_25, room_26, room_27]

Skill      XL: |  1  2  3  4  5  6  7  8  9 10 11 12 13 14 15 16 17 18 19 |
---------------+----------------------------------------------------------+-----
Invocations    | 6 7 9 10 12 14 17 22 27 | 27.0
Evocations     | 5 6 7 8 9 10 11 14 16 21 27 | 27.0
Fighting       | 4 5 6 7 8 9 14 16 18 23 27 | 27.0
Armour         | 3 5 6 7 9 10 15 17 21 27 | 27.0
Shields        | 4 11 12 14 16 | 16.4
Axes           | 10 17 18 | 18.7
Slings         | 6 15 | 15.3
Translocations | 11 18 | 18.1
Necromancy     | 24 | 24.7
Poison Magic   | 16 23 | 23.5

Action                   |  1- 3 |  4- 6 |  7- 9 | 10-12 | 13-15 | 16-18 | 19-21 || total
-------------------------+-------+-------+-------+-------+-------+-------+-------++-------
Melee: War axe           |     5 |       |     1 |     5 |       |       |       ||    11
       Kick              |       |       |       |    12 |    18 |    14 |       ||    44
       Broad axe         |       |       |       |    29 |    25 |    30 |     1 ||    85
       Lance             |       |       |       |       |    15 |       |       ||    15
 Fire: Fustibalus        |       |       |       |       |    30 |   187 |    47 ||   264
 Cast: Sublimation of Bl |       |       |       |       |       |       |     2 ||     2
Invok: Upheaval          |       |       |     8 |     3 |     8 |       |       ||    19
       Elemental Force   |       |       |     1 |       |       |       |       ||     1
       Disaster Area     |       |       |       |    10 |    17 |    27 |     6 ||    60
Evoke: Wand              |     2 |     3 |       |     3 |       |       |       ||     8
       Lightning rod     |     2 |     4 |    10 |     1 |       |       |       ||    17
       Tin of tremorston |       |       |       |     6 |     2 |     2 |       ||    10
       Condenser vane    |       |       |       |       |     7 |     5 |       ||    12
       Box of beasts     |       |       |       |       |     1 |       |       ||     1
       Phantom mirror    |       |       |       |       |     1 |       |       ||     1
       Phial of floods   |       |       |       |       |     2 |     2 |       ||     4
  Use: Potion            |     2 |     1 |     1 |     4 |     3 |       |     1 ||    12
       Scroll            |       |       |     4 |     8 |     6 |    10 |       ||    28
Armor: Scale mail        |     6 |     3 |       |       |       |       |       ||     9
       Gold dragon scale |       |       |     4 |    35 |    23 |    13 |       ||    75
Dodge: Dodged            |     3 |     4 |     1 |     1 |       |       |       ||     9
Block: Buckler           |       |       |     1 |       |       |       |       ||     1
       Kite shield       |       |       |     7 |    73 |    79 |    55 |     4 ||   218
       Reflection        |       |       |       |     5 |     7 |       |       ||    12

Table legend: (Time is in decaauts)
 A = Elapsed time spent in this place.
 B = Non-inter-level travel time spent in this place.
 C = Inter-level travel time spent in this place.
 D = Time resting spent in this place.
 E = Time spent auto-exploring this place.
 F = Levels seen in this place.
 G = Mean time per level.
                   A        B        C        D        E       F      G
               +--------+--------+--------+--------+--------+-----+--------+
         Total |   6893 |   6887 |      6 |   4446 |    470 |   1 | 6893.0 |
       Dungeon |   6893 |   6887 |      6 |   4446 |    470 |   1 | 6893.0 |
               +--------+--------+--------+--------+--------+-----+--------+

Top non-repeatable levels by time:
       D: 6893 daAuts
